Map: Deathaura LE

Players

DPGRogue (Rogue) - Winner!

  • Race: Zerg Zerg
  • Spawn Location: 5:00

ByuN

  • Race: Terran Terran
  • Spawn Location: 11:00

Event: StayAtHome Story Cup #3

VOD

Have the link to the VOD?

Description

Time

  • Played on: March 12, 2021, 7:02 a.m.
  • Length: 9:58

All games in this series

Show
View Real Time Build Order
Export as new Build Order

DPGRogue Zerg - Winner!

Build Orders: Hatch First, Muta Ling Bane 

Get SALT Encoding   

  12  0:00  Drone  
  13  0:12  Overlord  
  13  0:16  Drone  
  14  0:31  Drone x2  
  16  0:47  Hatchery  
  15  0:50  Drone  
  15  0:54  Drone  
  15  0:57  Drone  
  18  1:09  Extractor  
  17  1:12  Spawning Pool  
  17  1:15  Drone  
  17  1:18  Drone  
  18  1:28  Drone  
  19  1:38  Drone  
  20  1:49  Drone  
  21  1:59  Queen x2  
  21  2:00  Zergling x4  
  27  2:10  Overlord  
  27  2:12  Drone  
  28  2:21  Hatchery  
  27  2:24  Drone  
  27  2:29  Metabolic Boost  
  28  2:31  Drone  
  28  2:34  Drone  
  30  2:38  Drone  
  31  2:45  Queen  
  31  2:49  Overlord  
  33  2:52  Drone  
  33  2:55  Drone  
  33  2:57  Drone  
  36  3:06  Pneumatized Carapace  
  36  3:08  Drone x3  
  36  3:10  Drone  
  41  3:12  Drone  
  41  3:16  Overlord  
  41  3:21  Queen  
  41  3:24  Drone  
  44  3:32  Queen  
  44  3:33  Drone x2  
  48  3:36  Drone  
  48  3:37  Drone  
  48  3:40  Drone x2  
  52  3:48  Overlord  
  52  3:49  Queen  
  52  3:52  Zergling x4  
  56  3:56  Drone  
  56  3:57  Drone  
  56  4:02  Overlord  
  58  4:09  Drone x6  
  64  4:11  Queen  
  64  4:15  Overlord  
  66  4:20  Overlord  
  66  4:21  Zergling x6  
  66  4:23  Zergling x2  
  70  4:26  Queen  
  70  4:30  Zergling x4  
  74  4:37  Zergling x10  
  79  4:40  Lair, Baneling Nest  
  79  4:45  Zergling x8  
  81  4:46  Zergling x2  
  83  4:59  Zergling x12  
  89  5:07  Overlord  
  89  5:10  Zergling x2  
  89  5:13  Overlord  
  90  5:20  Drone  
  89  5:24  Drone  
  89  5:27  Drone x7  
  95  5:31  Extractor, Hatchery  
  95  5:32  Evolution Chamber  
  95  5:33  Evolution Chamber  
  95  5:34  Drone  
  92  5:35  Drone  
  92  5:36  Drone  
  92  5:38  Drone x6  
  92  5:40  Hatchery  
  92  5:42  Burrow  
  99  5:44  Extractor x2  
  99  5:46  Drone  
  99  5:47  Drone  
  99  5:52  Extractor  
  99  5:53  Extractor  
  99  5:55  Drone x5  
  100  5:58  Centrifical Hooks  
  100  6:00  Drone  
  101  6:09  Drone x4  
  105  6:13  Overlord  
  105  6:17  Drone, Overlord x2  
  105  6:23  Zergling x2  
  105  6:24  Zergling x10  
  103  6:26  Zerg Ground Armor Level 1, Zerg Melee Weapons Level 1  
  103  6:31  Baneling x3  
  103  6:32  Baneling, Zergling x2  
  104  6:33  Zergling x2  
  104  6:36  Baneling x3  
  106  6:40  Zergling x10  
  98  6:50  Zergling x12  
  98  6:51  Zergling x6  
  98  6:53  Drone  
  101  6:57  Drone x3, Spire  
  103  7:02  Drone  
  103  7:03  Drone  
  103  7:05  Drone, Extractor  
  103  7:06  Drone  
  106  7:09  Drone x4  
  110  7:16  Zergling x2  
  110  7:17  Zergling x14  
  110  7:20  Hatchery, Overlord  
  117  7:24  Zergling x2  
  117  7:25  Zergling x4  
  117  7:27  Zergling x4  
  121  7:33  Zergling x2  
  121  7:37  Zergling x10  
  121  7:38  Zergling x8  
  121  7:43  Baneling x7  
  127  7:46  Baneling x5  
  127  7:47  Zergling x2  
  127  7:48  Zergling x14  
  127  7:49  Overlord  
  127  7:50  Overlord  
  134  7:59  Drone x3  
  134  8:00  Drone  
  134  8:04  Drone x2  
  134  8:05  Overlord  
  137  8:11  Zergling x14  
  137  8:12  Zergling x4  
  140  8:23  Mutalisk x10  
  160  8:28  Overlord  
  160  8:33  Mutalisk x2  
  160  8:34  Mutalisk x3  
  159  8:38  Mutalisk  
  169  8:41  Drone x2  
  169  8:42  Overlord x2  
  169  8:43  Baneling x4  
  169  8:44  Baneling  
  169  8:48  Overlord  
  171  8:50  Overseer  
  171  8:51  Overlord  
  171  8:53  Extractor  
  170  8:59  Drone x3  
  170  9:00  Drone x2  
  175  9:03  Drone x4  
  175  9:09  Zergling x20  
  189  9:11  Zergling x2  
  189  9:12  Zergling x2  
  189  9:15  Infestation Pit  
  187  9:25  Zergling x2  
  188  9:32  Zergling x2  
  188  9:33  Zergling x22  
Show
View Real Time Build Order
Export as new Build Order

ByuN Terran 

Build Orders: Command Center First (CC) 

Get SALT Encoding   

  12  0:00  SCV  
  13  0:12  SCV  
  14  0:17  Supply Depot  
  14  0:24  SCV  
  15  0:38  SCV  
  16  0:50  SCV  
  17  0:59  Command Center  
  17  1:02  SCV  
  18  1:13  Barracks  
  18  1:14  SCV  
  19  1:21  Refinery  
  19  1:27  SCV  
  20  1:34  Barracks  
  20  1:39  SCV  
  21  1:51  SCV  
  22  1:55  Refinery  
  22  2:03  Barracks Reactor, Orbital Command  
  22  2:12  Orbital Command  
  22  2:21  Marine  
  23  2:29  SCV  
  24  2:33  Factory  
  24  2:39  Marine  
  24  2:40  Marine  
  24  2:41  SCV x2, Barracks Tech Lab  
  28  2:53  SCV x2  
  28  2:57  Supply Depot  
  30  2:58  Marine  
  30  2:59  Marine x2  
  30  3:00  Stimpack  
  33  3:06  SCV x2  
  35  3:17  Starport  
  35  3:18  SCV x2  
  37  3:20  Marine x2  
  37  3:21  Marine  
  37  3:22  Factory Reactor  
  40  3:29  Supply Depot  
  40  3:30  SCV x2  
  42  3:35  Supply Depot  
  42  3:37  Marine  
  42  3:38  Marine  
  44  3:42  SCV x2  
  46  3:51  Marine  
  46  3:54  SCV  
  46  3:55  SCV  
  49  3:57  Marine x2  
  51  4:04  Medivac x2  
  51  4:07  SCV x2, Supply Depot  
  51  4:09  Marine  
  58  4:14  Supply Depot  
  58  4:19  Hellion x2  
  62  4:26  Armory  
  62  4:29  SCV x2, Marine x2  
  66  4:34  Supply Depot  
  66  4:38  Supply Depot  
  66  4:40  Hellion x2  
  70  4:49  Marine  
  70  4:51  Combat Shield  
  70  4:52  Command Center  
  71  4:56  Starport Reactor, Marine x2  
  73  5:04  SCV x2  
  73  5:06  Marine  
  76  5:07  Hellion  
  76  5:08  Hellion  
  76  5:14  Refinery, Marine x2  
  80  5:15  Refinery  
  69  5:25  Engineering Bay  
  69  5:26  Engineering Bay, Marine  
  68  5:29  SCV x2  
  68  5:32  Hellion x2  
  68  5:34  Marine x2  
  76  5:50  Marine  
  76  5:51  Marine x2  
  76  5:52  SCV x2  
  79  5:58  Terran Infantry Armor Level 1, Barracks, Terran Infantry Weapons Level 1  
  79  5:59  Barracks  
  79  6:00  Barracks  
  79  6:07  Marine  
  79  6:08  SCV x2  
  79  6:09  Factory Reactor, Marine x2  
  84  6:11  Orbital Command  
  84  6:23  SCV x2  
  84  6:25  Marine  
  86  6:27  Marine x2  
  86  6:31  Medivac x2  
  93  6:35  SCV x2  
  95  6:43  Marine  
  95  6:45  Marine x2  
  93  6:50  Orbital Command  
  77  6:56  Barracks Reactor x3  
  77  6:57  Widow Mine x2  
  77  6:59  SCV x2  
  83  7:04  Marine  
  83  7:05  Marine x2  
  61  7:08  Medivac x2  
  86  7:09  Command Center  
  86  7:11  SCV x2  
  92  7:19  SCV  
  92  7:21  Factory  
  93  7:23  SCV x2  
  93  7:27  Marine x2  
  93  7:28  Marine x3  
  93  7:29  Widow Mine x2  
  104  7:31  SCV  
  104  7:35  SCV x2  
  107  7:43  SCV  
  107  7:44  Marine, Supply Depot  
  108  7:45  Supply Depot  
  109  7:52  Marine x3, Medivac x2  
  109  7:53  SCV  
  109  7:55  Refinery  
  117  8:03  Terran Vehicle Weapons Level 1  
  117  8:06  SCV x3  
  117  8:09  Factory Tech Lab  
  117  8:12  Refinery  
  112  8:15  Marine x2  
  112  8:16  Marine x3  
  112  8:18  SCV x3  
  114  8:30  SCV x3  
  114  8:31  Marine x4  
  120  8:35  Marine x3  
  120  8:36  Marine x2  
  120  8:38  Siege Tank  
  128  8:42  SCV x3  
  128  8:47  Medivac x2  
  135  8:49  Supply Depot  
  135  8:53  Factory Tech Lab  
  135  8:54  SCV x3  
  135  8:55  Supply Depot  
  138  8:56  Sensor Tower  
  138  9:03  Missile Turret  
  138  9:06  SCV x3  
  138  9:09  Marine  
  142  9:10  Marine x6  
  142  9:11  Marine  
  142  9:12  Marine  
  142  9:13  Siege Tank  
  142  9:15  Siege Tank  
  156  9:18  SCV x3  
  159  9:30  SCV x3, Barracks  
  162  9:33  Marine  
  162  9:34  Marine x3  
  162  9:36  Marine x2  
  162  9:37  Marine  
  162  9:38  Marine x2  
  164  9:45  SCV x3  
  141  9:46  Barracks  
Tags
 
Add a new tag
Caveats
  • Supply blocks, unpowered buildings, or Contaminate may cause inaccurate times.
  • Supply counts are checked every 10 seconds.